Unix NetHack Version 3.7.0-73 Work-in-progress - last build Feb 17 2023 02:16:44 (48fe2e8c4a70f1d2d5b622443eb9b5bc1b8d05f7,branch:master). Game began 2023-02-20 22:54:46, ended 2023-02-20 23:05:39. microlance, lawful female human Valkyrie e @ ---.------------ ##:# |..............| # ................###`# -.-------- |...$.......>..|######### .........| +..............|# #### |........| ---------------- ##......<..| ---------- Microlance the Skirmisher St:18/03 Dx:12 Co:17 In:9 Wi:9 Ch:9 Lawful S:848 Dlvl:4 $:76 HP:0(45) Pw:8(8) AC:6 Xp:4/153 T:2569 Latest messages: Where do you want to travel to? (For instructions type a '?') Where do you want to travel to? (For instructions type a '?') There is a black flash as a knife hits the altar. A scroll labeled PHOL ENDE WODAN lands on the altar. A - a cursed knife. z - an uncursed scroll labeled PHOL ENDE WODAN. What do you want to read? [lz or ?*] As you read the scroll, it disappears. You feel like someone is helping you. You see here a dagger. You don't have anything else to put on. What do you want to remove? [i or ?*] You were wearing an uncursed octagonal amulet. What do you want to put on? [i or ?*] i - an uncursed octagonal amulet (being worn). Where do you want to travel to? (For instructions type a '?') Where do you want to travel to? (For instructions type a '?') You descend the stairs. You miss the floating eye. You are frozen by the floating eye's gaze! The gecko bites! The gecko bites! The gecko bites! The gecko bites! The gecko bites! The gecko bites! The gecko bites! The gecko bites! The gecko bites! The gecko bites! The gecko bites! The gecko bites! The gecko bites! The gecko bites! The gecko bites! The gecko bites! The gecko bites! The gecko bites! The gecko bites! The gecko bites! The gecko bites! The gecko bites! The gecko bites! The gecko bites! The gecko bites! You die... Inventory: Coins ('$') $ - 76 gold pieces Amulets ('"') i - an uncursed amulet of unchanging (being worn) Weapons (')') b - a +0 dagger A - a cursed -1 knife a - a corroded +1 spear s - a +0 scimitar (weapon in hand) Armor ('[') c - an uncursed +3 small shield (being worn) Comestibles ('%') q - an uncursed food ration p - an uncursed tripe ration Spellbooks ('+') l - a blessed spellbook of clairvoyance Tools ('(') e - an uncursed oil lamp f - an uncursed stethoscope Gems/Stones ('*') m - an uncursed worthless piece of violet glass n - an uncursed worthless piece of white glass Microlance the Valkyrie's attributes: Background: You were a Skirmisher, a level 4 human Valkyrie. You were lawful, on a mission for Tyr who was opposed by Odin (neutral) and Loki (chaotic). You were in the Dungeons of Doom, on level 4. You entered the dungeon 2569 turns ago. It was nighttime. There was a new moon in effect when your adventure ended. You had 153 experience points, 7 more were needed to attain level 5. Your score was 848 before end-of-game adjustments. Basics: You had 0 out of 45 hit points. You had all 8 energy points (spell power). Your armor class was 6. Your wallet contained 76 zorkmids. Autopickup was on for '$?!"=/' plus thrown, with exceptions. Final Characteristics: Your strength was 18/03 (limit:18/100). Your dexterity was 12 (limit:18). Your constitution was 17 (limit:18). Your intelligence was 9 (limit:18). Your wisdom was 9 (limit:18). Your charisma was 9 (limit:18). Final Status: You were not hungry. You were unencumbered. You were wielding a saber. You were unskilled in saber. Final Attributes: You were devoutly aligned. You were cold resistant. You were stealthy. You could not change from your current form. You are dead. Miscellaneous: You disabled loading of bones levels. Total elapsed playing time was 10 minutes and 52 seconds. Major events: Turn 1: microlance the lawful human Valkyrie entered the dungeon 941: attained the rank of Skirmisher (level 3) 2569: killed by a gecko, while frozen by a floating eye's gaze Vanquished creatures: a shrieker 2 dwarf zombies 2 wererats 2 acid blobs a coyote 2 hobbits 3 manes a large kobold a hobgoblin 2 giant rats 3 cave spiders a brown mold 2 yellow molds a gnome 3 geckos 4 jackals a goblin 2 sewer rats 6 grid bugs 3 lichens a kobold zombie 10 newts 54 creatures vanquished. No species were genocided or became extinct. Voluntary challenges: You read items or engraved 3 times. You never engraved Elbereth. You never genocided any monsters. You never polymorphed an object. You used no wishes. Achievement: You attained the rank of Skirmisher. The Dungeons of Doom: levels 1 to 4 Level 1: An altar, a grave. Level 2: A sink. Level 3: Some altars. Level 4: <- You were here. Final resting place for you, killed by a gecko, while frozen by a floating eye's gaze. Game over: ---------- / \ / REST \ / IN \ / PEACE \ / \ | microlance | | 76 Au | | killed by a | | gecko | | | | | | 2023 | *| * * * | * _________)/\\_//(\/(/\)/\//\/|_)_______ Farvel microlance the Valkyrie... You died in The Dungeons of Doom on dungeon level 4 with 841 points, and 76 pieces of gold, after 2569 moves. You were level 4 with a maximum of 45 hit points when you died.